[Event "IIFL Wealth 4th Mumbai GM"]
[Site "Mumbai"]
[Date "2018.12.30"]
[Round "1"]
[White "Patil, Pratik"]
[Black "Sundararajan, Kidambi"]
[Result "0-1"]
[ECO "C41"]
[WhiteElo "2178"]
[BlackElo "2458"]
[Annotator "ChessBase"]
[PlyCount "50"]
[EventDate "2018.12.30"]
[EventType "swiss"]
[EventCountry "IND"]
[SourceTitle "playchess.com"]
[Source "ChessBase"]
[SourceQuality "1"]
[TimeControl "40/5400+30:1800+30"]

1. e4 e5 2. Nf3 d6 3. Bc4 Nf6 4. Ng5 d5 5. exd5 h6 6. Nf3 e4 7. Qe2 Bd6 8. d3 O-O 9. dxe4 Nxe4 10. O-O Re8 11. Re1 Bg4 12. Qd3 f5 13. Nc3 Nd7 14. Nxe4 Rxe4 15. Rxe4 Nc5 16. Re8+ Qxe8 17. Qe3 Qh5 18. h3 Re8 19. hxg4 fxg4 20. Ne5 Rxe5 21. Qc3 Ne4 22. Qd3 Nxf2 23. Kxf2 g3+ 24. Qxg3 Rf5+ 25. Qf3 Rxf3+ 0-1

[Event "IIFL Wealth 4th Mumbai GM"]
[Site "Mumbai"]
[Date "2018.12.30"]
[Round "1"]
[White "Thrish Karthik"]
[Black "Lugovskoy, Maxim"]
[Result "0-1"]
[ECO "A06"]
[WhiteElo "2168"]
[BlackElo "2445"]
[Annotator "NA RC"]
[PlyCount "31"]
[EventDate "2018.12.30"]
[EventType "swiss"]
[EventCountry "IND"]
[SourceTitle "playchess.com"]
[Source "ChessBase"]
[SourceQuality "1"]
[TimeControl "40/5400+30:1800+30"]

1. Nf3 d5 2. c4 e6 3. b3 c5 4. cxd5 exd5 5. Bb2 Nc6 6. g3 d4 7. Bg2 Nf6 8. O-O Be7 9. d3 O-O 10. Nbd2 Re8 11. Nc4 Nd5 12. e4 dxe3 13. fxe3 Nf6 14. d4 cxd4 15. Nxd4 Nxd4 16. Qxd4 0-1

[Event "IIFL Wealth 4th Mumbai GM"]
[Site "Mumbai"]
[Date "2018.12.30"]
[Round "1"]
[White "Snehal, Bhosale"]
[Black "Rajesh, V A V"]
[Result "1/2-1/2"]
[ECO "D85"]
[WhiteElo "2135"]
[BlackElo "2402"]
[Annotator "NA"]
[PlyCount "97"]
[EventDate "2018.12.30"]
[EventType "swiss"]
[EventCountry "IND"]
[SourceTitle "playchess.com"]
[Source "ChessBase"]
[SourceQuality "1"]
[TimeControl "40/5400+30:1800+30"]

1. d4 Nf6 2. c4 g6 3. Nc3 d5 4. cxd5 Nxd5 5. Bd2 Bg7 6. e4 Nb6 7. Be3 O-O 8. f4 f5 9. Qb3+ Kh8 10. e5 e6 11. Nf3 Nc6 12. Rc1 a5 13. Bb5 Ne7 14. O-O c6 15. Be2 a4 16. Qc2 Bd7 17. Ne1 Nbd5 18. Rf3 Nxe3 19. Rxe3 Qb6 20. Kh1 Rfd8 21. Rd1 Nd5 22. Rf3 Nb4 23. Qd2 Be8 24. Bc4 Nd5 25. Rh3 h6 26. a3 Bf7 27. Qf2 Kg8 28. Nd3 Bf8 29. Ba2 h5 30. Rb1 Ra5 31. Ne2 Be7 32. Rc1 Kf8 33. Ng1 Nc7 34. Nc5 Rb5 35. Rc2 Bxc5 36. dxc5 Qa5 37. Rhc3 Rd1 38. Rd2 Ra1 39. Rd8+ Ne8 40. Qd4 Rxa2 41. Qd6+ Kg7 42. Rxe8 Bxe8 43. Qe7+ Bf7 44. Rd3 Ra1 45. h4 Rxb2 46. Qf6+ Kg8 47. Rd8+ Qxd8 48. Qxd8+ Kg7 49. Kh2 1/2-1/2

[Event "IIFL Wealth 4th Mumbai GM"]
[Site "Mumbai"]
[Date "2018.12.30"]
[Round "1"]
[White "Soham Datar"]
[Black "Ravi, Teja S."]
[Result "1/2-1/2"]
[ECO "A09"]
[WhiteElo "2134"]
[BlackElo "2396"]
[Annotator "NA"]
[PlyCount "67"]
[EventDate "2018.12.30"]
[EventType "swiss"]
[EventCountry "IND"]
[SourceTitle "playchess.com"]
[Source "ChessBase"]
[SourceQuality "1"]
[TimeControl "40/5400+30:1800+30"]

1. Nf3 d5 2. c4 d4 3. b4 f6 4. Na3 e5 5. Nc2 Be6 6. d3 c5 7. bxc5 Bxc5 8. g3 Nc6 9. Bg2 Nge7 10. O-O O-O 11. Rb1 Qd7 12. Nd2 f5 13. Ba3 Bxa3 14. Nxa3 a6 15. Rb6 Nc8 16. Rb1 N8e7 17. Rb6 Nc8 18. Rb1 N8e7 19. Rb6 Ra7 20. Rb2 b5 21. cxb5 axb5 22. Nxb5 Rxa2 23. Rxa2 Bxa2 24. Qa4 Bd5 25. Bxd5+ Qxd5 26. Na7 Nxa7 27. Qxa7 Nc8 28. Qc7 Nd6 29. Qd7 Rf7 30. Qd8+ Rf8 31. Qd7 Rf7 32. Qd8+ Rf8 33. Qd7 Rf7 34. Qd8+ 1/2-1/2

[Event "IIFL Wealth 4th Mumbai GM"]
[Site "Mumbai"]
[Date "2018.12.30"]
[Round "1"]
[White "Pranesh M"]
[Black "Raahul V S"]
[Result "1-0"]
[ECO "C56"]
[WhiteElo "2125"]
[BlackElo "2381"]
[Annotator "NA"]
[PlyCount "117"]
[EventDate "2018.12.30"]
[EventType "swiss"]
[EventCountry "IND"]
[SourceTitle "playchess.com"]
[Source "ChessBase"]
[SourceQuality "1"]
[TimeControl "40/5400+30:1800+30"]

1. e4 e5 2. Nf3 Nc6 3. d4 exd4 4. Bc4 Nf6 5. O-O Nxe4 6. Re1 d5 7. Bxd5 Qxd5 8. Nc3 Qh5 9. Nxe4 Be6 10. Bg5 Bb4 11. Nxd4 Qxd1 12. Rexd1 Nxd4 13. Rxd4 Ba5 14. Nc5 Bb6 15. Nxe6 fxe6 16. Rd2 h6 17. Bh4 O-O 18. Re1 g5 19. Bg3 Rad8 20. Red1 c6 21. Rxd8 Rxd8 22. Rxd8+ Bxd8 23. f3 Kf7 24. Kf2 Kg6 25. Bd6 Kf5 26. g4+ Kf6 27. Ke3 Ba5 28. b4 Bb6+ 29. Ke4 a5 30. a3 a4 31. c4 Bf2 32. c5 Be1 33. Be5+ Kf7 34. Kd3 Kg6 35. h3 h5 36. Kc4 hxg4 37. hxg4 Kf7 38. b5 Ke7 39. bxc6 bxc6 40. Bc3 Bf2 41. Kb4 Kf7 42. Be5 Be3 43. Bd6 e5 44. Bxe5 Ke6 45. Bd6 Kd5 46. Kxa4 Kc4 47. Ka5 Bxc5 48. Bxc5 Kxc5 49. a4 Kd4 50. Kb6 c5 51. a5 c4 52. a6 c3 53. a7 c2 54. a8=Q c1=Q 55. Qe4+ Kc3 56. Qc6+ Kd2 57. Qxc1+ Kxc1 58. Kc5 Kd2 59. Kd4 1-0

[Event "IIFL Wealth 4th Mumbai GM"]
[Site "Mumbai"]
[Date "2018.12.30"]
[Round "1"]
[White "Tarun Kanyamarala"]
[Black "Sammed Jaykumar, Shete"]
[Result "0-1"]
[ECO "A50"]
[WhiteElo "2120"]
[BlackElo "2378"]
[Annotator "NA"]
[PlyCount "64"]
[EventDate "2018.12.30"]
[EventType "swiss"]
[EventCountry "IND"]
[SourceTitle "playchess.com"]
[Source "ChessBase"]
[SourceQuality "1"]
[TimeControl "40/5400+30:1800+30"]

1. d4 Nf6 2. c4 g6 3. f3 c5 4. d5 Bg7 5. e4 d6 6. Nc3 O-O 7. Nge2 e6 8. Ng3 exd5 9. cxd5 a6 10. a4 h5 11. Bg5 Nbd7 12. Qd2 h4 13. Nge2 h3 14. g4 Ne5 15. Ng1 Bd7 16. f4 Nexg4 17. Bxh3 b5 18. Bg2 b4 19. Nce2 Qe8 20. Qd3 c4 21. Qf3 Nh7 22. Bh4 f5 23. Rc1 Rc8 24. b3 cxb3 25. Rxc8 b2 26. Qd3 Qxc8 27. Nh3 Qc1+ 28. Nxc1 bxc1=Q+ 29. Ke2 Qb2+ 30. Qd2 Rc8 31. Qxb2 Bxb2 32. Kd3 Bxa4 {[%emt 0:00:21] Kd4} 0-1

[Event "IIFL Wealth 4th Mumbai GM"]
[Site "Mumbai"]
[Date "2018.12.30"]
[Round "1"]
[White "Prajesh R"]
[Black "Anuj Shrivatri"]
[Result "0-1"]
[ECO "E91"]
[WhiteElo "2102"]
[BlackElo "2357"]
[Annotator "NA"]
[PlyCount "73"]
[EventDate "2018.12.30"]
[EventType "swiss"]
[EventCountry "IND"]
[SourceTitle "playchess.com"]
[Source "ChessBase"]
[SourceQuality "1"]
[TimeControl "40/5400+30:1800+30"]

1. d4 Nf6 2. c4 g6 3. Nc3 Bg7 4. e4 d6 5. Nf3 O-O 6. Be2 Na6 7. Bf4 Nh5 8. Qd2 Nxf4 9. Qxf4 Qe8 10. c5 e5 11. dxe5 dxe5 12. Qe3 Qc6 13. Bxa6 Qxa6 14. Qe2 b6 15. Qxa6 Bxa6 16. O-O-O bxc5 17. Rd5 f5 18. Re1 Rad8 19. exf5 Rxd5 20. Nxd5 Bb7 21. Rd1 e4 22. Ng5 Bh6 23. h4 Bxd5 24. Rxd5 Rxf5 25. Rd8+ Kg7 26. Rd7+ Kf6 27. Kd1 Bxg5 28. hxg5+ Rxg5 29. Rxh7 Rxg2 30. Ke2 Rg1 31. Rxc7 Rb1 32. Rc6+ Ke5 33. Rxc5+ Kf4 34. Rc2 a5 35. b3 g5 36. Rd2 g4 37. Rc2 0-1

[Event "IIFL Wealth 4th Mumbai GM"]
[Site "Mumbai"]
[Date "2018.12.30"]
[Round "1"]
[White "Nayem, Haque"]
[Black "Tran, Minh Thang"]
[Result "0-1"]
[ECO "A00"]
[WhiteElo "2083"]
[BlackElo "2342"]
[Annotator "NA"]
[PlyCount "78"]
[EventDate "2018.12.30"]
[EventType "swiss"]
[EventCountry "IND"]
[SourceTitle "playchess.com"]
[Source "ChessBase"]
[SourceQuality "1"]
[TimeControl "40/5400+30:1800+30"]

1. e3 b6 2. Nf3 Bb7 3. d4 Nf6 4. c4 g6 5. Nc3 Bg7 6. Bd3 d6 7. e4 O-O 8. Bg5 Nbd7 9. O-O a6 10. Qe2 c5 11. d5 Ng4 12. h3 Nge5 13. Nxe5 Nxe5 14. f4 Nxd3 15. Qxd3 b5 16. Rfe1 bxc4 17. Qg3 Rb8 18. Qh4 Bd4+ 19. Kh1 f6 20. Bh6 Rf7 21. Re2 Qa5 22. Rc1 Bc8 23. Qg3 Kh8 24. e5 Bf5 25. e6 Rg7 26. Bxg7+ Kxg7 27. Qf3 Bd3 28. Rd2 Rb4 29. b3 Bxc3 30. Rxc3 cxb3 31. a3 b2 32. axb4 b1=Q+ 33. Rd1 Qbxb4 34. Rcxd3 c4 35. Rd4 Qb3 36. Qf1 c3 37. Rc1 c2 38. Qf2 Qb1 39. Qg1 Qaa1 0-1

[Event "IIFL Wealth 4th Mumbai GM"]
[Site "Mumbai"]
[Date "2018.12.30"]
[Round "1"]
[White "Thipsay, Bagyashree Sathe"]
[Black "Siva Mahadevan"]
[Result "1/2-1/2"]
[ECO "B53"]
[WhiteElo "2028"]
[BlackElo "2333"]
[Annotator "NA"]
[PlyCount "85"]
[EventDate "2018.12.30"]
[EventType "swiss"]
[EventCountry "IND"]
[SourceTitle "playchess.com"]
[Source "ChessBase"]
[SourceQuality "1"]
[TimeControl "40/5400+30:1800+30"]

1. e4 c5 2. Nf3 d6 3. d4 cxd4 4. Qxd4 Nc6 5. Bb5 Bd7 6. Qd3 g6 7. c4 Bg7 8. O-O Nf6 9. Nc3 O-O 10. h3 Rc8 11. Be3 a6 12. Bxc6 Bxc6 13. Rac1 Nd7 14. Nd4 e6 15. Rfd1 Qe7 16. Qe2 f5 17. Nxc6 Rxc6 18. exf5 gxf5 19. Bd4 e5 20. Nd5 Qf7 21. Bc3 f4 22. f3 Nf6 23. Nxf6+ Bxf6 24. Rd5 Rfc8 25. Qd3 Be7 26. b3 b5 27. Bb2 Qg6 28. Qe2 bxc4 29. bxc4 Bd8 30. c5 Rxc5 31. Rdxc5 Bb6 32. Qxa6 Bxc5+ 33. Kh1 Re8 34. Ba3 Bxa3 35. Qxa3 d5 36. Qb3 Rd8 37. Rc7 Kh8 38. Qb2 d4 39. Qb5 Qg5 40. Qb7 Qg6 41. Qb5 Qd6 42. Qb7 Qg6 43. Qb5 1/2-1/2

[Event "IIFL Wealth 4th Mumbai GM"]
[Site "Mumbai"]
[Date "2018.12.30"]
[Round "1"]
[White "Chowdhury, Sohel"]
[Black "Srihari L R"]
[Result "0-1"]
[ECO "B06"]
[WhiteElo "2012"]
[BlackElo "2316"]
[Annotator "NA"]
[PlyCount "71"]
[EventDate "2018.12.30"]
[EventType "swiss"]
[EventCountry "IND"]
[SourceTitle "playchess.com"]
[Source "ChessBase"]
[SourceQuality "1"]
[TimeControl "40/5400+30:1800+30"]

1. e4 g6 2. Nc3 Bg7 3. g3 e5 4. Bg2 c6 5. d3 Ne7 6. f4 d6 7. Nh3 O-O 8. O-O f5 9. Kh1 h6 10. Nf2 Na6 11. Qe2 Nc7 12. Bd2 a5 13. exf5 gxf5 14. Rae1 Ne6 15. Nh3 Bd7 16. Qd1 b5 17. Qc1 Kh7 18. Ne2 Ng6 19. Neg1 c5 20. b3 c4 21. Qd1 cxd3 22. cxd3 Rc8 23. Nf3 b4 24. Rf2 Kg8 25. Rfe2 Qc7 26. Be3 Bb5 27. fxe5 dxe5 28. Rd2 Rfd8 29. Nhg1 Nc5 30. Bf1 Qd7 31. Bxc5 Rxc5 32. d4 exd4 33. Bxb5 Rxb5 34. Nxd4 Bxd4 35. Rxd4 Qb7+ 36. Nf3 0-1

[Event "IIFL Wealth 4th Mumbai GM"]
[Site "Mumbai"]
[Date "2018.12.30"]
[Round "1"]
[White "Triton, Maxime"]
[Black "Kathmale, Sameer"]
[Result "0-1"]
[ECO "B10"]
[WhiteElo "1937"]
[BlackElo "2312"]
[Annotator "NA"]
[PlyCount "56"]
[EventDate "2018.12.30"]
[EventType "swiss"]
[EventCountry "IND"]
[SourceTitle "playchess.com"]
[Source "ChessBase"]
[SourceQuality "1"]
[TimeControl "40/5400+30:1800+30"]

1. e4 c6 2. Nc3 d5 3. Qe2 dxe4 4. Nxe4 Nf6 5. Nf3 Nxe4 6. Qxe4 Qd5 7. Qxd5 cxd5 8. d4 Nc6 9. c3 a6 10. Bf4 Bf5 11. Kd2 f6 12. Bd3 Bg4 13. Rhe1 Kf7 14. Re3 g5 15. Bg3 h5 16. Kd1 h4 17. Bc7 h3 18. g3 Bh6 19. Be2 Bf5 20. g4 Bxg4 21. Ne5+ Nxe5 22. dxe5 Bxe2+ 23. Rxe2 Rac8 24. Bb6 g4 25. Be3 Bxe3 26. Rxe3 f5 27. Kd2 Ke6 28. Rae1 Rc4 0-1

[Event "IIFL Wealth 4th Mumbai GM"]
[Site "Mumbai"]
[Date "2018.12.30"]
[Round "1"]
[White "Lama, Milan"]
[Black "Srijit Paul"]
[Result "0-1"]
[ECO "B02"]
[WhiteElo "1897"]
[BlackElo "2298"]
[Annotator "NA"]
[PlyCount "94"]
[EventDate "2018.12.30"]
[EventType "swiss"]
[EventCountry "IND"]
[SourceTitle "playchess.com"]
[Source "ChessBase"]
[SourceQuality "1"]
[TimeControl "40/5400+30:1800+30"]

1. e4 Nf6 2. e5 Nd5 3. Nf3 Nb6 4. d4 d5 5. Bd3 Bg4 6. Be3 e6 7. c3 c5 8. a4 cxd4 9. cxd4 Nc6 10. Nc3 Nc4 11. Qe2 Bxf3 12. gxf3 N4a5 13. Rd1 a6 14. f4 g6 15. h4 Nb3 16. Bb1 Qb6 17. Qd3 h5 18. Kf1 Nba5 19. Qc2 Nc4 20. Ba2 Nb4 21. Qb1 Nxa2 22. Qxa2 Rc8 23. Rb1 Be7 24. Kg2 Rc6 25. Kg3 Kd7 26. Rhd1 Rhc8 27. Bc1 Bb4 28. Rd3 Ke8 29. f3 Qd8 30. Rd1 Na5 31. Bd2 Rc4 32. Be1 Nc6 33. Bf2 Ne7 34. Rd3 Nf5+ 35. Kh3 Be7 36. Ne2 Bxh4 37. Ng3 Bxg3 38. Bxg3 Qa5 39. b3 Rc2 40. Rb2 Rc1 41. Bf2 R8c3 42. Rbd2 Qc7 43. a5 Kf8 44. Qa4 Kg7 45. Qb4 Rxd3 46. Rxd3 Rh1+ 47. Kg2 Qc1 0-1

[Event "IIFL Wealth 4th Mumbai GM"]
[Site "Mumbai"]
[Date "2018.12.30"]
[Round "1"]
[White "Arya Nirag Shah"]
[Black "Konguvel, Ponnuswamy"]
[Result "0-1"]
[ECO "B06"]
[WhiteElo "1812"]
[BlackElo "2282"]
[Annotator "NA"]
[PlyCount "64"]
[EventDate "2018.12.30"]
[EventType "swiss"]
[EventCountry "IND"]
[SourceTitle "playchess.com"]
[Source "ChessBase"]
[SourceQuality "1"]
[TimeControl "40/5400+30:1800+30"]

1. d4 d6 2. e4 g6 3. Nc3 Bg7 4. f4 a6 5. Nf3 b5 6. a3 Nd7 7. Be2 Bb7 8. O-O Ngf6 9. e5 Nd5 10. Nxd5 Bxd5 11. a4 Rb8 12. axb5 axb5 13. b3 b4 14. Bb2 O-O 15. Ne1 e6 16. Qd2 dxe5 17. fxe5 c5 18. Nd3 Qb6 19. Nxc5 Nxc5 20. dxc5 Qxc5+ 21. Bd4 Qc7 22. Ra7 Rb7 23. Rxb7 Qxb7 24. Bd3 Rd8 25. Qf2 Bxg2 26. Ra1 Qd7 27. Bb6 Ra8 28. Rxa8+ Bxa8 29. Bd4 Qd5 30. Kf1 Bxe5 31. Bxe5 Qxe5 32. Qb6 Qf4+ 0-1

[Event "IIFL Wealth 4th Mumbai GM"]
[Site "Mumbai"]
[Date "2018.12.30"]
[Round "1"]
[White "Rebut, Paul"]
[Black "Dushyant Sharma"]
[Result "0-1"]
[ECO "C45"]
[WhiteElo "1740"]
[BlackElo "2271"]
[Annotator "NA"]
[PlyCount "50"]
[EventDate "2018.12.30"]
[EventType "swiss"]
[EventCountry "IND"]
[SourceTitle "playchess.com"]
[Source "ChessBase"]
[SourceQuality "1"]
[TimeControl "40/5400+30:1800+30"]

1. e4 e5 2. Nf3 Nc6 3. d4 exd4 4. Nxd4 Nf6 5. Nxc6 bxc6 6. e5 Qe7 7. Qe2 Nd5 8. c4 Nb6 9. Nd2 Qe6 10. Nf3 Bc5 11. Bd2 a5 12. Ng5 Qe7 13. f4 Bb4 14. a3 Bxd2+ 15. Qxd2 f6 16. Nf3 fxe5 17. fxe5 Ba6 18. Qc2 Qc5 19. Be2 Qe3 20. b3 a4 21. Qd3 Qxd3 22. Bxd3 axb3 23. Nd2 O-O 24. Nxb3 Bxc4 25. Nc5 d6 0-1

[Event "IIFL Wealth 4th Mumbai GM"]
[Site "Mumbai"]
[Date "2018.12.30"]
[Round "1"]
[White "Bhasima, Prashan"]
[Black "Mohota, Nisha"]
[Result "0-1"]
[ECO "C55"]
[WhiteElo "1658"]
[BlackElo "2264"]
[Annotator "NA"]
[PlyCount "72"]
[EventDate "2018.12.30"]
[EventType "swiss"]
[EventCountry "IND"]
[SourceTitle "playchess.com"]
[Source "ChessBase"]
[SourceQuality "1"]
[TimeControl "40/5400+30:1800+30"]

1. e4 e5 2. Nf3 Nc6 3. Bc4 Nf6 4. d3 Be7 5. Nc3 O-O 6. h3 d6 7. Be3 Na5 8. Bb3 Nxb3 9. axb3 c5 10. Qd2 Bd7 11. g4 Bc6 12. g5 Nh5 13. h4 f5 14. gxf6 Nxf6 15. Ng5 Qd7 16. O-O-O a5 17. f4 exf4 18. Bxf4 a4 19. Rdg1 axb3 20. cxb3 d5 21. Qg2 Nh5 22. Be5 dxe4 23. Ngxe4 Bf6 24. Bxf6 Nxf6 25. Kc2 b6 26. Rh3 Rae8 27. Rg3 Re7 28. Rf3 Bxe4 29. Nxe4 Nd5 30. Rxf8+ Kxf8 31. Rf1+ Rf7 32. Rxf7+ Qxf7 33. Qh2 Qf4 34. Qh3 Ne3+ 35. Kc3 Nf5 36. h5 Qc1# {Kd4} 0-1

[Event "IIFL Wealth 4th Mumbai GM"]
[Site "Mumbai"]
[Date "2018.12.30"]
[Round "1"]
[White "Regmi, Shikhar"]
[Black "Aditya Mittal"]
[Result "0-1"]
[ECO "A06"]
[WhiteElo "1610"]
[BlackElo "2251"]
[Annotator "NA"]
[PlyCount "86"]
[EventDate "2018.12.30"]
[EventType "swiss"]
[EventCountry "IND"]
[SourceTitle "playchess.com"]
[Source "ChessBase"]
[SourceQuality "1"]
[TimeControl "40/5400+30:1800+30"]

1. Nf3 d5 2. g3 Nf6 3. Bg2 g6 4. O-O Bg7 5. d4 c6 6. c3 O-O 7. Bg5 h6 8. Bf4 Bf5 9. Qc1 Kh7 10. Ne5 Nfd7 11. Nf3 g5 12. Bd2 e6 13. h4 g4 14. Nh2 c5 15. dxc5 Nxc5 16. f3 gxf3 17. Nxf3 Ne4 18. Bf4 Nc6 19. Kh2 e5 20. Be3 Be6 21. Qc2 f5 22. Nbd2 Nxd2 23. Bxd2 e4 24. Ng1 Be5 25. Bf4 Bxf4 26. Rxf4 Ne5 27. Bh3 Ng6 28. Rff1 Qd6 29. h5 Ne5 30. Rf4 Rg8 31. Raf1 Rg5 32. e3 Rxh5 33. Ne2 Ng4+ 34. Rxg4 fxg4 35. Nf4 Rxh3+ 36. Nxh3 gxh3 37. Qf2 Rg8 38. Qf4 Qxf4 39. Rxf4 Kg7 40. g4 Rf8 41. Kxh3 h5 42. Kh4 Rxf4 43. exf4 Bxg4 0-1

[Event "IIFL Wealth 4th Mumbai GM"]
[Site "Mumbai"]
[Date "2018.12.30"]
[Round "1"]
[White "Laoussing, Mathis"]
[Black "Varga, Klara"]
[Result "0-1"]
[ECO "C01"]
[WhiteElo "1438"]
[BlackElo "2242"]
[Annotator "NA"]
[PlyCount "56"]
[EventDate "2018.12.30"]
[EventType "swiss"]
[EventCountry "IND"]
[SourceTitle "playchess.com"]
[Source "ChessBase"]
[SourceQuality "1"]
[TimeControl "40/5400+30:1800+30"]

1. e4 e6 2. d4 d5 3. exd5 exd5 4. c4 Nf6 5. Nc3 Bb4 6. Qb3 Nc6 7. Be3 O-O 8. Bd3 dxc4 9. Bxc4 Qe7 10. Bd3 Nxd4 11. Qc4 c5 12. O-O-O Be6 13. Bxh7+ Nxh7 14. Qd3 Bxc3 15. bxc3 Bf5 16. Qc4 b5 17. Qf1 Qe4 18. Rd3 Qxd3 19. Qxd3 Bxd3 20. cxd4 cxd4 21. Bxd4 Rfd8 22. Be3 Rac8+ 23. Kb2 Rc2+ 24. Kb3 Rdc8 25. Bd4 a5 26. Nf3 Be4 27. Re1 Bd5+ 28. Ka3 Rxa2# 0-1

[Event "IIFL Wealth 4th Mumbai GM"]
[Site "Mumbai"]
[Date "2018.12.30"]
[Round "1"]
[White "Wahba, David George"]
[Black "Wagh Suyog"]
[Result "0-1"]
[ECO "C58"]
[WhiteElo "1295"]
[BlackElo "2240"]
[Annotator "NA"]
[PlyCount "52"]
[EventDate "2018.12.30"]
[EventType "swiss"]
[EventCountry "IND"]
[SourceTitle "playchess.com"]
[Source "ChessBase"]
[SourceQuality "1"]
[TimeControl "40/5400+30:1800+30"]

1. e4 e5 2. Nf3 Nc6 3. Bc4 Nf6 4. Ng5 d5 5. exd5 Na5 6. Bb5+ c6 7. dxc6 bxc6 8. Qf3 Bb7 9. Ba4 Be7 10. Nc3 O-O 11. O-O Nd5 12. Nge4 f5 13. Ng3 Nf4 14. Bb3+ Kh8 15. Qd1 c5 16. f3 c4 17. Ba4 e4 18. fxe4 fxe4 19. Ngxe4 Qd4+ 20. Kh1 Bxe4 21. Nxe4 Qxe4 22. Qf3 Nh3 23. Qd1 Rxf1+ 24. Qxf1 Rf8 25. Qxf8+ Bxf8 26. d3 Qe1# 0-1